 Dungeon Crawl Stone Soup version 0.18-a0-1800-gdc7a371 (webtiles) character file.

191 Laan the Ruffian (level 5, -9/47 HPs)
             Began as a Ghoul Monk on Apr 24, 2016.
             Mangled by a gnoll
             ... wielding a +0 halberd
              (17 damage)
             ... on level 3 of the Dungeon.
             The game lasted 00:06:34 (1578 turns).

Laan the Ruffian (Ghoul Monk)                       Turns: 1578, Time: 00:06:35

Health: -9/47      AC:  2    Str: 16    XL:     5   Next: 70%
Magic:  4/4        EV: 12    Int:  5    God:
Gold:   62         SH:  0    Dex: 11    Spells: 0 memorised, 4 levels left

rFire  . . .     SeeInvis .       - Unarmed
rCold  + . .     Gourm    .     a - +0 robe
rNeg   + + +     Faith    .     (no shield)
rPois  ∞         Spirit   .     (no helmet)
rElec  .         Dismiss  .     (no cloak)
rCorr  .         Reflect  .     (no gloves)
SustAt .         Harm     .     (no boots)
MR     .....                    (no amulet)
Stlth  ++........               (no ring)
                                q - ring of wizardry

@: rotting, not resistant to hostile enchantments, unstealthy
A: rotting body, claws 1, carnivore 3, cold resistance 1, negative energy
resistance 3, slow regeneration 1, torment resistance, unbreathing
a: no special abilities


You were on level 3 of the Dungeon.
You were not hungry.

You visited 1 branch of the dungeon, and saw 3 of its levels.

You collected 62 gold pieces.

Inventory:

Armour
 a - a +0 robe (worn)
Jewellery
 q - a ring of wizardry (left claw)
 t - an uncursed ring of protection from fire {unknown}
Scrolls
 c - 4 scrolls of remove curse {unknown}
 f - a scroll of noise {unknown}
 h - 2 scrolls of blinking {unknown}
 i - a scroll of amnesia {unknown}
 m - a scroll of enchant weapon {unknown}
 n - 5 scrolls of identify {unknown}
 u - a scroll of magic mapping {unknown}
 v - a scroll of fear {unknown}
 w - a scroll of immolation {unknown}
Potions
 d - a potion of agility {unknown}
 e - a potion of cure mutation {unknown}
 g - a potion of berserk rage {unknown}
 j - 3 potions of curing {unknown}
 l - a potion of degeneration {unknown}
 o - 2 potions of flight {unknown}
 p - a potion of cancellation {unknown}
 r - a potion of invisibility {unknown}
 x - a potion of haste {unknown}
Comestibles
 b - 4 meat rations
 k - a beef jerky
 s - 12 chunks of flesh


   Skills:
 + Level 4.7 Fighting
 - Level 2.6 Dodging
 - Level 2.1 Stealth
 * Level 6.6 Unarmed Combat


You had 4 spell levels left.
You didn't know any spells.

Dungeon Overview and Level Annotations

Branches:
Dungeon (3/15)

Altars:
Gozag


Innate Abilities, Weirdness & Mutations

Your body is rotting away.
You thrive on raw meat.
You are immune to poison.
You have sharp fingernails.
You are carnivorous and can eat meat at any time.
Your flesh is cold resistant.
You are immune to negative energy.
You regenerate slowly when monsters are visible.
You are immune to unholy pain and torment.
You can survive without breathing.


Message History

* * * LOW HITPOINT WARNING * * *
You are too injured to fight recklessly!
You are too injured to fight recklessly!
You are too injured to fight recklessly!
You are too injured to fight recklessly!
You scratch the gnoll.
The gnoll is almost dead.
The gnoll barely misses you. The gnoll closely misses you.
You scratch the gnoll.
You kill the gnoll!
The gnoll misses you. The gnoll misses you.
Things that are here:
a worm corpse; a gnoll corpse You closely miss the gnoll.
You barely miss the gnoll. The gnoll hits you with a halberd.
* * * LOW HITPOINT WARNING * * *
Eat one of 13 chunks of flesh? (ye/n/q/i?) This raw flesh tastes great!
The gnoll hits you with a halberd!
You die...

####### #......##
#........ #######
#.......g## #......
#......#.@##
#######.####.
.........).# #.......#
#.
.#########†.##.......#
#. #..........#.......#
#. #.##.....#.........#
#. #.#......##..#######
#.
#.#......###........###.
#>....÷...............#.
#.......................


You could see a gnoll.

Vanquished Creatures
  A crimson imp (D:3)
  7 gnolls
  3 oozes (D:1)
  5 worms
  3 dart slugs
  2 giant geckos
  A ball python (D:1)
  3 giant cockroaches
  4 goblins
  7 hobgoblins
  8 kobolds
  3 quokkas
  4 bats (D:1)
  4 giant newts
  5 rats
60 creatures vanquished.

Notes
Turn   | Place    | Note
--------------------------------------------------------------
     0 | D:1      | Laan the Ghoul Monk began the quest for the Orb.
     0 | D:1      | Reached XP level 1. HP: 19/19 MP: 0/0
   113 | D:1      | Reached XP level 2. HP: 26/26 MP: 1/1
   167 | D:1      | Reached skill level 5 in Unarmed Combat
   298 | D:1      | Reached XP level 3. HP: 33/33 MP: 2/2
   834 | D:2      | Reached XP level 4. HP: 40/40 MP: 3/3
   860 | D:2      | Found an opulent altar of Gozag.
  1364 | D:3      | Reached skill level 6 in Unarmed Combat
  1364 | D:3      | Reached XP level 5. HP: 27/46 MP: 4/4
  1578 | D:3      | Mangled by a gnoll

Vault maps used:
D:1:      eino_arrival_tree_alley, nrook_loot_triangle
D:2:      lemuel_round_altar, first_bread
D:3:      lemuel_zombie_altar_kikubaaqudgha, lemuel_doored_altar,
          grunt_ministairs_12

Skill      XL: |  1  2  3  4 |
---------------+-------------+-----
Unarmed Combat | 5 6 |  6.6
Fighting       | 4 |  4.7
Dodging        | |  2.6
Stealth        | |  2.1

Action                   |  1- 3 |  4- 6 || total
-------------------------+-------+-------++-------
Melee: Unarmed           |    61 |   121 ||   182
       Punch             |       |     1 ||     1
 Stab: Sleeping          |     1 |     1 ||     2
  Eat: Chunk             |    12 |    18 ||    30
Armor: Robe              |    11 |    10 ||    21
Dodge: Dodged            |    33 |    50 ||    83
